 Dungeon Crawl Stone Soup version 0.20-a0-833-gc632bec (webtiles) character file.

70485 Devintownsend the Severer (level 14, -6/136 HPs)
             Began as a Minotaur Fighter on Mar 4, 2017.
             Was a High Priest of Okawaru.
             Engulfed by a cloud of spectral mist (8 damage)
             ... on level 3 of the Swamp on Mar 7, 2017.
             The game lasted 01:49:34 (22954 turns).

Devintownsend the Severer (Minotaur Fighter)       Turns: 22954, Time: 01:49:35

Health: -6/136     AC: 14    Str: 29    XL:     14   Next: 94%
Magic:  18/18      EV: 10    Int:  5    God:    Okawaru [*****.]
Gold:   1177       SH:  0    Dex: 12    Spells: 13/13 levels left

rFire    + . .     SeeInvis .   N - +2 executioner's axe (freeze)
rCold    . . .     Gourm    .   P - +0 ring mail {rPois}
rNeg     . . .     Faith    .   (shield currently unavailable)
rPois    +         Spirit   .   (helmet unavailable)
rElec    .         Reflect  .   l - +1 cloak
rCorr    .         Harm     .   J - +2 pair of gloves
MR       ++...                  (no boots)
Stlth    +.........             (no amulet)
Regen    0.4/turn               L - ring of protection from fire
MPRegen  0.2/turn               k - +3 ring of strength

@: drained
A: retaliatory headbutt, horns 3, agile 1, magic resistance 1
a: Heroism, Finesse, Renounce Religion


You were on level 3 of the Swamp.
You worshipped Okawaru.
Okawaru was extremely pleased with you.
You were hungry.

You visited 3 branches of the dungeon, and saw 17 of its levels.
You also visited: Ossuary.

You collected 1177 gold pieces.

Inventory:

Hand Weapons
 s - the +10 rapier "Esubus" {pierce, rPois rN+ Stlth+, unknown}
   (You found it on level 1 of the Swamp)

   It inflicts extra damage upon your enemies.
   It protects you from poison.
   It protects you from negative energy.
   It makes you more stealthy.
 B - a +0 whip of draining
 N - a +2 executioner's axe of freezing (weapon)
Missiles
 e - 3 javelins of returning (quivered)
Armour
 f - the +1 plate armour of the Orcish Mines {*Slow +Inv rN+ Int+4}
   (Okawaru gifted it to you on level 1 of the Swamp)

   It affects your intelligence (+4).
   It protects you from negative energy.
   It lets you turn invisible.
   It may slow you when you take damage.
 l - a +1 cloak (worn)
 m - a +0 plate armour
 F - the +3 buckler of the Pink Corner {+Blink rElec rF- Int+3}
   (Okawaru gifted it to you on level 4 of the Lair of Beasts)

   It affects your intelligence (+3).
   It makes you vulnerable to fire.
   It insulates you from electricity.
   It lets you blink.
 J - a +2 pair of gloves (worn)
 P - a +0 ring mail of poison resistance (worn)
Magical Staves
 T - an uncursed staff of poison {unknown}
Jewellery
 k - a +3 ring of strength (left hand)
 L - a ring of protection from fire (right hand)
 O - a +4 ring of evasion
 R - a +6 ring of intelligence
Wands
 h - a wand of enslavement (15/24)
 p - a wand of polymorph (11/24)
 D - a wand of flame (5/48)
Scrolls
 i - 4 scrolls of identify
 j - 7 scrolls of teleportation
 q - 10 scrolls of remove curse
 y - 2 scrolls of amnesia
 K - a scroll of fear
 Q - 3 scrolls of magic mapping
Potions
 c - a potion of lignification
 d - 5 potions of might
 t - 3 potions of resistance
 w - 2 potions of mutation
 z - a potion of haste
 H - a potion of berserk rage
 S - a potion of brilliance
Miscellaneous
 o - a lightning rod (4/4)
 r - a lightning rod (4/4)
Comestibles
 a - 3 bread rations
 b - 3 meat rations
 g - 9 fruits
 E - 2 royal jellies


   Skills:
 * Level 15.6(14.4) Fighting
 + Level 18.9(17.5) Axes
 * Level 16.1(14.8) Armour
 - Level 4.0(3.0) Shields
 + Level 7.5(6.4) Invocations
 + Level 0.3(0.0) Evocations


You had 13 spell levels left.
You didn't know any spells.

Dungeon Overview and Level Annotations

Branches:
Dungeon (8/15)             Temple (0/1) D:7            Lair (6/6) D:8
  Swamp (3/4) Lair:4       Spider (0/4) Lair:4        Slime (0/5) Lair:5

Altars:
Gozag
Hepliaklqana
Makhleb
Okawaru
Ru
Vehumet
Wu Jian
Yredelemnul


Innate Abilities, Weirdness & Mutations

You reflexively headbutt those who attack you in melee.
You have a pair of large horns on your head.
You are agile. (Dex +2)
You are resistant to hostile enchantments. (MR+)


Message History

The spectral anaconda barely misses you.
The ghost crab breathes spectral mist at you.
The spectral mist engulfs you! The ghost crab closely misses you.
The ghost crab claws you.
* * * LOW HITPOINT WARNING * * *
You feel drained. The spectral anaconda grabs you.
The spectral anaconda bites you but does no damage.
The spectral anaconda constricts you. The spectral swamp drake bites you.
* * * LOW HITPOINT WARNING * * *
You cut the ghost crab into ribbons!!! You freeze the ghost crab.
You destroy the ghost crab!
Okawaru is honoured by your kill. Something appears at your feet!
Okawaru grants you a gift!
The spectral swamp drake fades away!
The spectral anaconda loses its grip on you.
The spectral anaconda fades away!
The spectral seven-headed hydra fades away!
You hit the spectral spriggan druid.
You are engulfed in spectral mist.
You die...

..≈♣ ♣≈≈. ♣♣♣ ♣
.≈≈♣♣♣♣♣≈.♣♣
♣♣.♣$.≈.(.....♣♣
♣........≈≈≈≈≈.≈
≈.≈≈.≈≈..≈≈≈≈≈≈.
..≈≈≈≈≈≈%§§Z§≈≈≈
♣≈§<.§≈≈≈≈§.
♣.§.@.t≈≈≈.≈
≈≈..≈§Z§§§≈≈§≈(
..≈..≈§§§..≈≈.♣♣
.≈≈§≈).♣.≈..≈..♣
..≈≈≈≈..≈≈≈≈≈...
....≈≈≈♣≈≈≈≈≈≈≈≈
≈..♣♣♣♣♣♣≈≈≈≈≈.≈
≈. ♣♣♣≈.≈≈


You could see a ghost crab, a spectral four-headed hydra and a spectral spriggan
druid.

Vanquished Creatures
  Frances (Swamp:1)
  Donald (Swamp:1)
  Kirke (Swamp:1)
  Louise (Swamp:1)
  A dire elephant (Lair:4)
  10 hydras
  A ghost crab (Swamp:3)
  2 catoblepae (Lair:4)
  7 alligators
  A death knight (D:8)
  A two-headed ogre (D:7)
  Sonja (Lair:3)
  2 swamp dragons
  11 elephants
  6 black mambas
  38 spiny frogs
  A torpor snail (Lair:5)
  A rime drake (Lair:4)
  6 komodo dragons
  A jumping spider (Lair:4)
  2 polar bears
  Prince Ribbit (D:5)
  6 tyrant leeches
  5 slime creatures (Swamp:1)
  10 blink frogs (Lair:6)
  6 hippogriffs
  A shadow (D:8)
  Sigmund (D:4)
  48 yaks
  2 wyverns
  4 hogs (Swamp:1)
  5 basilisks
  2 wraiths
  22 vampire mosquitoes
  Menkaure (D:4)
  A naga (shapeshifter) (D:8)
  6 swamp worms (Swamp:1)
  17 water moccasins
  11 porcupines
  3 swamp drakes (Swamp:1)
  8 black bears
  3 ice beasts
  An orc warrior (D:6)
  3 ogres
  2 sky beasts (D:8)
  A phantom (D:5)
  15 wolves
  14 crocodiles
  2 centaurs
  Blork the orc (D:5)
  26 bullfrogs
  A wyvern zombie (D:8)
  3 scorpions
  3 wights (D:7)
  3 howler monkeys (D:8)
  4 electric eels
  4 crimson imps
  A bullfrog skeleton (D:5)
  3 hounds
  An orc priest (D:5)
  5 jellies
  Crazy Yiuf (D:5)
  2 orc wizards
  A gnoll shaman (D:7)
  4 hell rats (Lair:5)
  2 iguanas
  Natasha (thrice) (D:4 D:5)
  6 worker ants
  2 hound skeletons
  A mummy (Ossuary)
  4 gnolls (D:7)
  12 adders
  A shadow imp (D:5)
  5 oozes
  2 adder skeletons (D:8)
  A worm (D:4)
  2 dart slugs
  8 leopard geckos
  28 orcs
  2 ball pythons
  11 bats
  3 giant cockroaches
  7 goblins
  4 hobgoblins
  7 jackals
  5 quokkas
  A ball python skeleton (D:4)
  4 frilled lizards
  3 gnoll skeletons (Ossuary)
  A jackal skeleton (D:5)
  8 kobolds
  5 kobold skeletons (Ossuary)
  A leopard gecko skeleton (D:4)
  17 orc skeletons (Ossuary)
  A quokka zombie (D:6)
  13 rats
  5 fungi
  7 plants
542 creatures vanquished.

Vanquished Creatures (others)
  11 fungi
  51 plants
  9 toadstools (Lair:4)
71 creatures vanquished.

Grand Total: 613 creatures vanquished

Notes
Turn   | Place    | Note
-------+----------+-------------------------------------------
     0 | D:1      | Devintownsend the Minotaur Fighter began the quest for the Orb.
     0 | D:1      | Reached XP level 1. HP: 19/19 MP: 0/0
   208 | D:1      | Reached XP level 2. HP: 27/27 MP: 1/1
  1090 | D:2      | Reached XP level 3. HP: 33/33 MP: 2/2
  1648 | D:2      | Reached skill level 3 in Axes
  1797 | D:3      | Reached XP level 4. HP: 35/40 MP: 3/3
  2315 | D:3      | Reached skill level 4 in Axes
  2381 | D:4      | Found an iron altar of Okawaru.
  2396 | D:4      | Became a worshipper of Warmaster Okawaru
  2417 | D:4      | Reached XP level 5. HP: 41/47 MP: 4/4
  2628 | D:4      | Noticed Sigmund
  2639 | D:4      | Reached skill level 5 in Armour
  2641 | D:4      | Killed Sigmund
  2641 | D:4      | Reached * piety under Okawaru
  2641 | D:4      | Reached skill level 5 in Fighting
  2641 | D:4      | Reached skill level 5 in Axes
  2641 | D:4      | Reached XP level 6. HP: 37/56 MP: 5/5
  2719 | D:4      | Noticed Natasha
  2736 | D:4      | Killed Natasha
  2736 | D:4      | Reached skill level 6 in Axes
  2918 | D:4      | Found an ornate altar of the Wu Jian Council.
  2983 | D:4      | Noticed Natasha
  2990 | D:4      | Killed Natasha
  3120 | D:4      | Noticed Menkaure
  3129 | D:4      | Killed Menkaure
  3129 | D:4      | Reached XP level 7. HP: 14/61 MP: 6/6
  3662 | D:5      | Entered Level 5 of the Dungeon
  3680 | D:5      | Reached ** piety under Okawaru
  3680 | D:5      | Reached skill level 7 in Axes
  3854 | D:5      | Noticed Blork the orc
  3885 | D:5      | Killed Blork the orc
  4129 | D:5      | Noticed Natasha
  4129 | D:5      | Found a sacrificial altar of Ru.
  4135 | D:5      | Killed Natasha
  4135 | D:5      | Reached skill level 8 in Axes
  4135 | D:5      | Reached XP level 8. HP: 70/70 MP: 7/7
  4628 | D:5      | Noticed Prince Ribbit
  4637 | D:5      | Killed Prince Ribbit
  4639 | D:5      | Reached *** piety under Okawaru
  4705 | D:5      | Reached skill level 9 in Axes
  4874 | D:5      | Found a runed door.
  4878 | D:5      | Noticed Crazy Yiuf
  4886 | D:5      | Killed Crazy Yiuf
  5028 | D:6      | Reached skill level 1 in Invocations
  5316 | D:6      | Reached XP level 9. HP: 63/78 MP: 9/9
  5560 | D:6      | Found a burning altar of Makhleb.
  5741 | D:7      | Found a staircase to the Ecumenical Temple.
  5750 | D:7      | Reached skill level 10 in Axes
  5770 | D:7      | Noticed a two-headed ogre
  5775 | D:7      | Killed a two-headed ogre
  5775 | D:7      | Reached **** piety under Okawaru
  5776 | D:7      | Found a radiant altar of Vehumet.
  5784 | D:7      | Reached skill level 10 in Armour
  5946 | D:7      | Found a sand-covered staircase.
  5953 | Ossuary  | Entered an ossuary
  6558 | D:7      | Reached skill level 11 in Axes
  6743 | D:8      | Found an opulent altar of Gozag.
  6876 | D:8      | Reached XP level 10. HP: 86/86 MP: 11/11
  6925 | D:8      | Reached ***** piety under Okawaru
  6927 | D:8      | Reached skill level 12 in Axes
  7177 | D:8      | Noticed a death knight
  7184 | D:8      | Killed a death knight
  7467 | D:8      | Reached skill level 13 in Axes
  7467 | D:8      | Reached skill level 5 in Invocations
  7471 | D:8      | Found a staircase to the Lair.
  7616 | D:8      | Received a gift from Okawaru
  7853 | D:8      | Found a basalt altar of Yredelemnul.
  7853 | D:8      | Found a hazy altar of Hepliaklqana.
  8037 | D:8      | Gained mutation: You are dopey. (Int -2) [mutagenic meat]
  8038 | D:8      | Gained mutation: You are resistant to hostile enchantments. (MR+) [mutagenic meat]
  8039 | D:8      | Gained mutation: You have a somewhat thin skeletal structure. (Dex +2, Stealth) [mutagenic meat]
  8092 | Lair:1   | Entered Level 1 of the Lair of Beasts
  8247 | Lair:1   | Noticed a spiny frog
  8253 | Lair:1   | Killed a spiny frog
  8604 | Lair:1   | Reached XP level 11. HP: 85/95 MP: 13/13
  9079 | Lair:1   | Lost mutation: You are resistant to hostile enchantments. (MR+) [potion of mutation]
  9079 | Lair:1   | Lost mutation: You are dopey. (Int -2) [potion of mutation]
  9079 | Lair:1   | Lost mutation: You have a somewhat thin skeletal structure. (Dex +2, Stealth) [potion of mutation]
  9079 | Lair:1   | Gained mutation: You have a pair of large horns on your head. [potion of mutation]
  9079 | Lair:1   | Gained mutation: You are resistant to hostile enchantments. (MR+) [potion of mutation]
  9079 | Lair:1   | Gained mutation: You are agile. (Dex +2) [potion of mutation]
  9228 | Lair:2   | Received a gift from Okawaru
  9760 | Lair:2   | Reached skill level 14 in Axes
 10255 | Lair:2   | Reached skill level 10 in Fighting
 10582 | Lair:3   | Noticed a six-headed hydra
 10605 | Lair:3   | Killed an 11-headed hydra
 10971 | Lair:3   | Received a gift from Okawaru
 10974 | Lair:3   | Got a fabulously ornate robe {god gift}
 11319 | Lair:3   | Reached XP level 12. HP: 71/108 MP: 13/16
 11356 | Lair:2   | Identified the +0 robe of Dice, Bag, and Bottle {rF+ MR+} (Okawaru gifted it to you on level 3 of the Lair of Beasts)
 11947 | Lair:3   | Reached skill level 15 in Axes
 12212 | Lair:3   | Noticed Sonja
 12218 | Lair:3   | Killed Sonja
 12495 | Lair:4   | Noticed a four-headed hydra
 12504 | Lair:4   | Killed a four-headed hydra
 12733 | Lair:4   | Found a runed door.
 12825 | Lair:4   | Noticed a four-headed hydra
 12878 | Lair:4   | Killed a four-headed hydra
 13014 | Lair:4   | Noticed a seven-headed hydra
 13028 | Lair:4   | Killed a seven-headed hydra
 13028 | Lair:4   | Received a gift from Okawaru
 13031 | Lair:4   | Got a polished buckler {god gift}
 13038 | Lair:4   | Identified the +3 buckler of the Pink Corner {+Blink rElec rF- Int+3} (Okawaru gifted it to you on level 4 of the Lair of Beasts)
 13088 | Lair:4   | Noticed a four-headed hydra
 13100 | Lair:4   | Killed a four-headed hydra
 13288 | Lair:4   | Found a hole to the Spider Nest.
 13481 | Lair:4   | Found a staircase to the Swamp.
 13740 | Lair:4   | Noticed a catoblepas
 13748 | Lair:4   | Killed a catoblepas
 13977 | Lair:4   | Reached skill level 16 in Axes
 14247 | Lair:4   | Noticed a catoblepas
 14247 | Lair:4   | Noticed a dire elephant
 14266 | Lair:4   | Killed a catoblepas
 14622 | Lair:4   | Reached XP level 13. HP: 118/118 MP: 17/17
 14762 | Lair:4   | Killed a dire elephant
 14902 | Lair:4   | Reached ****** piety under Okawaru
 15261 | Lair:5   | Found a staircase to the Slime Pits.
 15673 | Lair:5   | Received a gift from Okawaru
 15812 | Lair:5   | Received a gift from Okawaru
 16191 | Lair:6   | Entered Level 6 of the Lair of Beasts
 16220 | Lair:6   | Reached skill level 17 in Axes
 16221 | Lair:6   | Received a gift from Okawaru
 16899 | Lair:6   | Reached skill level 15 in Armour
 17057 | Lair:6   | Received a gift from Okawaru
 17500 | Lair:6   | Reached XP level 14. HP: 57/130 MP: 18/18
 17609 | Lair:6   | Got a smoking longbow {god gift}
 19585 | Swamp:1  | Entered Level 1 of the Swamp
 19602 | Swamp:1  | Reached skill level 18 in Axes
 19604 | Swamp:1  | Noticed Donald
 19607 | Swamp:1  | Received a gift from Okawaru
 19611 | Swamp:1  | Killed Donald
 19622 | Swamp:1  | Received a gift from Okawaru
 20201 | Swamp:1  | Got a faintly humming plate armour {god gift}
 20212 | Swamp:1  | Identified the +1 plate armour of the Orcish Mines {*Slow +Inv rN+ Int+4} (Okawaru gifted it to you on level 1 of the Swamp)
 20649 | Swamp:1  | Noticed Louise
 20672 | Swamp:1  | Killed Louise
 20704 | Swamp:1  | Noticed Frances
 21060 | Swamp:1  | Killed Frances
 21060 | Swamp:1  | Reached skill level 15 in Fighting
 21956 | Swamp:1  | Noticed Kirke
 22415 | Swamp:1  | Noticed a sphinx
 22416 | Swamp:1  | Killed Kirke
 22866 | Swamp:1  | Got a jewelled rapier
 22867 | Swamp:1  | Upgraded the game from 0.20-a0-823-gdec668e to 0.20-a0-833-gc632bec
 22953 | Swamp:3  | HP: 3/136 [ghost crab (5)]
 22954 | Swamp:3  | Received a gift from Okawaru
 22954 | Swamp:3  | Engulfed by a cloud of spectral mist

Vault maps used:
D:1:      lightli_arrival_flooded_house, interstate_on_off
D:3:      first_bread, st_stairs_5
D:4:      kennysheep_six_static_rooms, okawaru_trees_1,
          nicolae_overflow_crystal_walls, minivault_26, uniq_sigmund,
          uniq_natasha, uniq_menkaure
D:5:      minmay_diamond_boxcup, hangedman_ru_absence,
          nicolae_overflow_hidden_temple, uniq_blork_the_orc,
          uniq_crazy_yiuf_cottage, uniq_prince_ribbit1
D:6:      overflow_temple_1_default
D:7:      minmay_temple_entry_crystal_x, nicolae_ossuary_entry_ruins,
          vehumet_altar_wand_db
D:8:      minmay_bloctagon, gammafunk_temple_overflow_statue,
          minmay_lair_entry_grove, basic_altar
Lair:2:   beast_lair_carwin_5, grunt_megastairs_5
Lair:3:   st_stairs_13, minivault_24, uniq_sonja
Lair:4:   gammafunk_lair_enchanted_lake, minmay_swamp_entry_swarm,
          spider_nest_entry_rubble
Lair:5:   nicolae_slime_entry_slimehenge
Lair:6:   minmay_lair_end_frog_pond
Swamp:1:  evilmike_swamp_ruin_house_5, swamp_pool1, hangedman_swamp_cone,
          infiniplex_staircase_pool_2, uniq_louise, uniq_kirke, uniq_frances,
          uniq_donald
Swamp:2:  evilmike_swamp_ruin_house_2
Swamp:3:  evilmike_swamp_ruin_rubble_2, nicolae_swamp_fairy_circle,
          nicolae_swamp_trees_clearing, swamp_pool4, infiniplex_staircase_pool
Ossuary:  ossuary_due_mausoleum

Skill      XL: |  1  2  3  4  5  6  7  8  9 10 11 12 13 14 |
---------------+-------------------------------------------+-----
Armour         | 4 5 6 7 8 10 11 12 14 15 16 | 16.1
Fighting       | 4 5 6 7 8 10 12 13 15 | 15.6
Shields        | 4 |  4.0
Axes           | 3 4 5 6 8 9 11 13 14 16 17 18 | 18.9
Invocations    | 1 3 5 6 7 |  7.5
Evocations     | |  0.3

Action                   |  1- 3 |  4- 6 |  7- 9 | 10-12 | 13-15 || total
-------------------------+-------+-------+-------+-------+-------++-------
Melee: War axe           |    89 |   102 |   130 |       |       ||   321
       Headbutt          |     9 |    15 |    50 |    78 |   125 ||   277
       Battleaxe         |       |       |   129 |    72 |       ||   201
       Executioner's axe |       |       |       |   268 |   441 ||   709
       Whip              |       |       |       |    25 |   108 ||   133
       Punch             |       |       |       |       |     1 ||     1
Invok: Heroism           |       |       |     7 |    18 |    21 ||    46
Evoke: Wand              |       |       |       |     4 |       ||     4
  Use: Potion            |       |     1 |     3 |    10 |     8 ||    22
       Scroll            |       |       |     9 |     9 |     5 ||    23
  Eat: Chunk             |     2 |     5 |    12 |    26 |    23 ||    68
       Fruit             |       |       |       |       |     6 ||     6
Armor: Scale mail        |    59 |    21 |       |       |       ||    80
       Chain mail        |       |    31 |   114 |   151 |       ||   296
       Plate armour      |       |       |       |   130 |   256 ||   386
       Skin              |       |       |       |       |    43 ||    43
       Ring mail         |       |       |       |       |   105 ||   105
Dodge: Dodged            |    45 |    45 |   104 |   242 |   293 ||   729
Block: Shield            |    33 |       |       |       |       ||    33
       Buckler           |     1 |    15 |    22 |       |    23 ||    61
